WCHLSIM.com - West Coast Hockey League
html PUBLIC "-//W3C//DTD XHTML 1.0 Transitional//EN" "http://www.w3.org/TR/xhtml1/DTD/xhtml1-transitional.dtd"> WCHL - Game 593 - VANCOUVER VOODOO vs PHOENIX MUSTANGS

VANCOUVER VOODOO vs PHOENIX MUSTANGS

Created - 8 janvier 2020 at 18:16

Goals
1 2 3 T
VANCOUVER VOODOO 3 0 1 4
PHOENIX MUSTANGS 0 0 0 0
Shots
1 2 3 T
VANCOUVER VOODOO 16 12 9 37
PHOENIX MUSTANGS 12 11 10 33

1st period

1. VANCOUVER VOODOO , Bryan Little 6 (Cam Atkinson 27) at 6:27 (PP)
2. VANCOUVER VOODOO , Denis Malgin 2 (Leo Komarov 3, Joel Eriksson Ek 6) at 11:48
3. VANCOUVER VOODOO , Tyson Jost 3 (Bryan Little 17, Mathew Dumba 6) at 17:25

Penalties :
Joel Eriksson Ek (VAN) for Tripping (Minor) at 0:37, Justin Faulk (PHX) for Cross-checking (Minor) at 5:53, Danny DeKeyser (VAN) for Cross-checking (Minor) at 8:31

2nd period

No Goal

Penalties :
Alexander Steen (PHX) for Tripping (Minor) at 1:36, Oscar Fantenberg (PHX) for Holding (Minor) at 14:37, Anze Kopitar (VAN) for Hooking (Minor) at 14:37

3rd period

4. VANCOUVER VOODOO , Rocco Grimaldi 7 (Tyson Jost 8, Danny DeKeyser 9) at 0:30

Penalties :
No Penalty

Goalie Stats

Carey Price (VAN), 33 saves from 33 shots - (1,000), W, 19-12-6, 60:00 minutes
Corey Crawford (PHX), 33 saves from 37 shots - (0,892), L, 14-15-2, 60:00 minutes

Players Stats for VANCOUVER VOODOO

Player Name              G  A  P  +/- PIM S  H  SB GA TA FO     MP     PP MP  PK MP  
------------------------------------------------------------------------------------
Anze Kopitar             0  0  0   0  2   7  1  0  0  0  16/29  19:37   1:29   2:00 
Brendan Lemieux          0  0  0   0  0   0  0  0  0  0  0/0     8:22   0:00   0:00 
Bryan Little             1  1  2   2  0   5  0  0  0  0  17/28  17:24   1:04   0:00 
Cam Atkinson             0  1  1   0  0   0  2  0  0  0  0/0    17:13   1:04   0:00 
Carter Verhaeghe         0  0  0   0  0   1  0  0  0  0  1/8     7:33   0:00   0:00 
Danny DeKeyser           0  1  1   1  2   1  1  2  0  0  0/0    20:41   1:29   1:06 
Denis Malgin             1  0  1   1  0   4  0  0  0  0  2/2    14:10   1:29   0:03 
Devin Shore              0  0  0   0  0   2  1  0  0  0  0/1    17:38   1:29   0:00 
Jack Johnson             0  0  0   2  0   1  1  2  0  0  0/0    18:07   0:00   1:42 
Jay Bouwmeester          0  0  0   0  0   2  1  1  0  0  0/0    20:25   0:00   1:58 
Joel Eriksson Ek         0  1  1   1  2   0  0  0  0  0  8/17   12:37   0:00   0:00 
Leo Komarov              0  1  1   1  0   1  1  0  0  0  2/5    15:25   0:00   1:58 
Mathew Dumba             0  1  1   2  0   1  2  0  0  0  0/0    18:53   1:04   0:54 
Michael Matheson         0  0  0   0  0   0  0  2  0  0  0/0    20:55   1:29   2:16 
Noel Acciari             0  0  0   0  0   0  0  0  0  0  0/0     9:31   0:00   1:58 
Rocco Grimaldi           1  0  1   2  0   5  1  0  0  0  0/0    18:17   0:00   1:57 
Shea Theodore            0  0  0   1  0   3  1  1  0  0  0/0    20:58   1:04   0:00 
Tyson Jost               1  1  2   2  0   4  2  0  0  0  1/2    16:14   1:04   0:00 

Players Stats for PHOENIX MUSTANGS

Player Name              G  A  P  +/- PIM S  H  SB GA TA FO     MP     PP MP  PK MP  
------------------------------------------------------------------------------------
Alexander Steen          0  0  0  -2  2   3  1  2  0  0  1/2    19:00   2:13   0:00 
Andrew Copp              0  0  0   0  0   1  0  0  0  0  3/4     2:56   0:00   0:00 
Andrew Ladd              0  0  0   0  0   0  0  0  0  0  0/0     3:22   0:00   0:26 
Dennis Cholowski         0  0  0  -1  0   0  1  1  0  0  0/0    18:40   1:45   1:00 
Erik Karlsson            0  0  0   0  0   0  0  0  0  0  0/0     0:00   0:00   0:00 
Fredrik Claesson         0  0  0  -1  0   0  3  0  0  0  0/0    14:02   0:00   1:00 
Gavin Bayreuther         0  0  0  -2  0   0  1  1  0  0  0/0    21:07   1:45   0:00 
Jake Gardiner            0  0  0   0  0   0  2  1  0  0  0/0    21:37   2:13   1:33 
Jeff Carter              0  0  0  -1  0   2  0  0  0  0  10/15  13:19   0:00   0:26 
Jesper Fast              0  0  0  -1  0   4  1  0  0  0  0/1    17:55   1:45   2:07 
Justin Faulk             0  0  0   0  2   1  2  2  0  0  0/0    25:11   2:13   1:33 
Kevin Hayes              0  0  0  -2  0   1  0  1  0  0  17/30  20:11   2:13   0:00 
Kevin Labanc             0  0  0  -1  0   1  0  1  0  0  2/12   17:34   1:45   2:07 
Nicklas Backstrom        0  0  0   0  0   4  1  0  0  0  12/24  18:53   0:00   0:00 
Oscar Fantenberg         0  0  0  -2  2   0  1  0  0  0  0/0    19:21   0:00   0:00 
Phil Kessel              0  0  0  -2  0   10 3  0  0  0  0/1    20:33   2:13   0:00 
T.J. Oshie               0  0  0   0  0   1  1  0  0  0  0/2    20:38   1:45   0:00 
Teuvo Teravainen         0  0  0   0  0   5  0  0  0  0  0/1    21:06   0:00   0:00 

3 Stars

1 - Carey Price (VAN)
2 - Tyson Jost (VAN)
3 - Bryan Little (VAN)

Power Play

VANCOUVER VOODOO - 1 on 2 Attempt(s) - 50,00%
PHOENIX MUSTANGS - 0 on 2 Attempt(s) - 0,00%

Penalty Kill

VANCOUVER VOODOO - 2 on 2 Attempt(s) - 100,00% - Score 0 goal in Penalty Kill
PHOENIX MUSTANGS - 1 on 2 Attempt(s) - 50,00% - Score 0 goal in Penalty Kill

Team Stat

VANCOUVER VOODOO - Hits : 14 - Faceoff Wins : 47 - Blocked Shots : 8 - Penalty Minutes : 6
PHOENIX MUSTANGS - Hits : 17 - Faceoff Wins : 45 - Blocked Shots : 9 - Penalty Minutes : 6

Official

Referees : Peter MacDougall and Jacob Brenk
Linesman : Rich Patry and Darryl Butt

Game Notes

No Game Note

Finance

Level 1 -- Attendance: 6043 (97,47%) -- Ticket Income 876 235 $
Level 2 -- Attendance: 5600 (100,00%) -- Ticket Income 392 000 $
Level 3 -- Attendance: 2949 (98,30%) -- Ticket Income 132 705 $
Level 4 -- Attendance: 5000 (100,00%) -- Ticket Income 175 000 $
Luxury Box -- Attendance: 1000 (100,00%) -- Ticket Income 250 000 $
Game was played at the Mustangs Palace.
Total Attendance: 20592 (99,00%)
Total Ticket Income: 1 825 940 $
Other Income: 547 782 $
Total Income: 2 373 722 $

VANCOUVER VOODOO

5 vs 5 Forward 
   Center                   Left Wing                Right Wing               Time % Phy DF OF 
 1 Anze Kopitar             Devin Shore              Cam Atkinson             34     1   1  3  
 2 Bryan Little             Tyson Jost               Rocco Grimaldi           31     1   2  2  
 3 Joel Eriksson Ek         Denis Malgin             Leo Komarov              26     2   2  1  
 4 Carter Verhaeghe         Brendan Lemieux          Noel Acciari             9      1   3  1  

5 vs 5 Defense 
   Defense                  Defense                                           Time % Phy DF OF 
 1 Danny DeKeyser           Shea Theodore                                     35     1   3  1  
 2 Jay Bouwmeester          Michael Matheson                                  33     1   2  2  
 3 Mathew Dumba             Jack Johnson                                      32     2   1  2  
 4 Mathew Dumba             Shea Theodore                                     0      1   2  2  

PowerPlay Forward 
   Center                   Left Wing                Right Wing               Time % Phy DF OF 
 1 Bryan Little             Tyson Jost               Cam Atkinson             50     0   1  4  
 2 Anze Kopitar             Devin Shore              Denis Malgin             50     1   1  3  

PowerPlay Defense
   Defense                  Defense                                           Time % Phy DF OF 
 1 Mathew Dumba             Shea Theodore                                     59     1   0  4  
 2 Michael Matheson         Danny DeKeyser                                    41     1   2  2  

Penalty Kill 4 Players Forward 
   Center                   Wing                     Time % Phy DF OF 
 1 Anze Kopitar             Rocco Grimaldi           50     1   3  1  
 2 Leo Komarov              Noel Acciari             50     2   3  0  

Penalty Kill 4 Players Defense
   Defense                  Defense                  Time % Phy DF OF 
 1 Danny DeKeyser           Michael Matheson         58     1   4  0  
 2 Jay Bouwmeester          Jack Johnson             42     1   2  2  

Penalty Kill - 3 Players Forward 
   Forward                                           Time % Phy DF OF 
 1 Anze Kopitar                                      55     2   2  1  
 2 Noel Acciari                                      45     1   3  1  

Penalty Kill - 3 Players Defense
   Defense                  Defense                  Time % Phy DF OF 
 1 Jay Bouwmeester          Michael Matheson         60     1   4  0  
 2 Jack Johnson             Danny DeKeyser           40     2   1  2  

4 vs 4 Forward 
   Center                   Wing                     Time % Phy DF OF 
 1 Bryan Little             Rocco Grimaldi           50     1   3  1  
 2 Leo Komarov              Brendan Lemieux          50     2   2  1  

4 vs 4 Defense
   Defense                  Defense                  Time % Phy DF OF 
 1 Shea Theodore            Jay Bouwmeester          50     2   2  1  
 2 Mathew Dumba             Jack Johnson             50     1   1  3  

Last Minutes Offensive
   Center                   Left Wing                Right Wing               Defense                  Defense                  
   Anze Kopitar             Tyson Jost               Cam Atkinson             Mathew Dumba             Michael Matheson         

Last Minutes Defensive
   Center                   Left Wing                Right Wing               Defense                  Defense                  
   Anze Kopitar             Leo Komarov              Rocco Grimaldi           Danny DeKeyser           Michael Matheson         

Goaltenders
Starting : Carey Price              
Backup : Pheonix Copley           

Extra Forwards
Normal : Bryan Little, Tyson Jost, Leo Komarov - PP : Bryan Little, Rocco Grimaldi - PK : Denis Malgin
Extra Defensemen
Normal : Mathew Dumba, Jack Johnson, Jay Bouwmeester - PP : Jack Johnson - PK : Mathew Dumba, Jack Johnson
Penalty Shots
Anze Kopitar, Cam Atkinson, Bryan Little, Carter Verhaeghe, Tyson Jost
Custom OT Lines Forwards
Anze Kopitar, Cam Atkinson, Bryan Little, Tyson Jost, Rocco Grimaldi, Devin Shore, Leo Komarov, Denis Malgin, Noel Acciari, Carter Verhaeghe
Custom OT Lines Defensemen
Michael Matheson, Danny DeKeyser, Shea Theodore, Mathew Dumba, Jack Johnson

Scratches
Christian Wolanin (Healthy), Andrew Shaw (Bruised Left Leg Injury), Nikita Scherbak (Healthy), Sam Bennett (Healthy)

PHOENIX MUSTANGS

5 vs 5 Forward 
   Center                   Left Wing                Right Wing               Time % Phy DF OF 
 1 Nicklas Backstrom        Teuvo Teravainen         T.J. Oshie               37     1   2  2  
 2 Kevin Hayes              Alexander Steen          Phil Kessel              31     1   2  2  
 3 Jeff Carter              Kevin Labanc             Jesper Fast              25     1   2  2  
 4 Andrew Copp              Andrew Ladd              Teuvo Teravainen         7      1   2  2  

5 vs 5 Defense 
   Defense                  Defense                                           Time % Phy DF OF 
 1 Gavin Bayreuther         Oscar Fantenberg                                  36     1   2  2  
 2 Jake Gardiner            Justin Faulk                                      31     1   2  2  
 3 Dennis Cholowski         Fredrik Claesson                                  23     1   2  2  
 4 Dennis Cholowski         Justin Faulk                                      10     1   2  2  

PowerPlay Forward 
   Center                   Left Wing                Right Wing               Time % Phy DF OF 
 1 Kevin Labanc             Jesper Fast              T.J. Oshie               55     1   2  2  
 2 Kevin Hayes              Alexander Steen          Phil Kessel              45     1   2  2  

PowerPlay Defense
   Defense                  Defense                                           Time % Phy DF OF 
 1 Jake Gardiner            Justin Faulk                                      55     1   2  2  
 2 Gavin Bayreuther         Dennis Cholowski                                  45     1   2  2  

Penalty Kill 4 Players Forward 
   Center                   Wing                     Time % Phy DF OF 
 1 Kevin Labanc             Jesper Fast              55     1   2  2  
 2 Jeff Carter              Andrew Ladd              45     1   2  2  

Penalty Kill 4 Players Defense
   Defense                  Defense                  Time % Phy DF OF 
 1 Fredrik Claesson         Dennis Cholowski         55     1   2  2  
 2 Jake Gardiner            Justin Faulk             45     1   2  2  

Penalty Kill - 3 Players Forward 
   Forward                                           Time % Phy DF OF 
 1 Jeff Carter                                       55     1   2  2  
 2 Kevin Hayes                                       45     1   2  2  

Penalty Kill - 3 Players Defense
   Defense                  Defense                  Time % Phy DF OF 
 1 Fredrik Claesson         Justin Faulk             55     1   2  2  
 2 Jake Gardiner            Dennis Cholowski         45     1   2  2  

4 vs 4 Forward 
   Center                   Wing                     Time % Phy DF OF 
 1 Kevin Hayes              Jesper Fast              55     1   2  2  
 2 Kevin Labanc             Phil Kessel              45     1   2  2  

4 vs 4 Defense
   Defense                  Defense                  Time % Phy DF OF 
 1 Fredrik Claesson         Justin Faulk             55     1   2  2  
 2 Jake Gardiner            Dennis Cholowski         45     1   2  2  

Last Minutes Offensive
   Center                   Left Wing                Right Wing               Defense                  Defense                  
   Nicklas Backstrom        Teuvo Teravainen         Phil Kessel              Justin Faulk             Gavin Bayreuther         

Last Minutes Defensive
   Center                   Left Wing                Right Wing               Defense                  Defense                  
   Nicklas Backstrom        Teuvo Teravainen         Phil Kessel              Justin Faulk             Gavin Bayreuther         

Goaltenders
Starting : Corey Crawford           
Backup : Garret Sparks            

Extra Forwards
Normal : Phil Kessel, Kevin Labanc, Jesper Fast - PP : Phil Kessel, Kevin Labanc - PK : Jesper Fast
Extra Defensemen
Normal : Dennis Cholowski, Fredrik Claesson, Jake Gardiner - PP : Dennis Cholowski - PK : Fredrik Claesson, Jake Gardiner
Penalty Shots
Kevin Labanc, Phil Kessel, T.J. Oshie, Jesper Fast, Kevin Hayes
Custom OT Lines Forwards
Nicklas Backstrom, Jeff Carter, Teuvo Teravainen, Phil Kessel, Kevin Hayes, Andrew Ladd, Alexander Steen, Kevin Labanc, Jesper Fast, T.J. Oshie
Custom OT Lines Defensemen
Gavin Bayreuther, Fredrik Claesson, Jake Gardiner, Justin Faulk, Dennis Cholowski

Scratches
Vince Pedrie (Healthy), Dan Renouf (Healthy), Justin Kloos (Healthy), Michael Kapla (Healthy), Michael Brodzinski (Healthy)
Nick Lappin (Healthy), Michael Del Zotto (Torso Injury), Reece Willcox (Healthy), Riley Barber (Healthy), Tomas Hyka (Healthy)
Joonas Korpisalo (Healthy)

% Time on Ice - VANCOUVER VOODOO

Lines # - Real PCT - Wanted PCT - Time Play
Normal Forward
1 - 31% - 34% - 16:09
2 - 29% - 31% - 15:10
3 - 25% - 26% - 12:38
4 - 15% - 9% - 7:33
Normal Defense
1 - 35% - 35% - 18:07
2 - 33% - 33% - 17:10
3 - 31% - 32% - 15:43
4 - 1% - 0% - 0:30
PP Forward
1 - 42% - 50% - 1:04
2 - 58% - 50% - 1:29
PP Defense
1 - 42% - 59% - 1:04
2 - 58% - 41% - 1:29
PK Forward
1 - 50% - 50% - 2:00
2 - 50% - 50% - 1:58
PK Defense
1 - 58% - 58% - 2:19
2 - 42% - 42% - 1:39
PK3 Forward
1 - 0% - 55%
2 - 0% - 45%
PK3 Defense
1 - 0% - 60%
2 - 0% - 40%
44 Forward
1 - 59% - 50% - 1:10
2 - 41% - 50% - 0:49
44 Defense
1 - 65% - 50% - 1:17
2 - 35% - 50% - 0:42
Last Minute Offensive  - 0:00
Last Minute Defensive  - 0:00
Total
Forward - 60:00
Defense - 60:00

% Time on Ice - PHOENIX MUSTANGS

Lines # - Real PCT - Wanted PCT - Time Play
Normal Forward
1 - 37% - 37% - 18:53
2 - 33% - 31% - 16:48
3 - 25% - 25% - 12:53
4 - 6% - 7% - 2:56
Normal Defense
1 - 38% - 36% - 19:22
2 - 33% - 31% - 17:02
3 - 23% - 23% - 11:52
4 - 6% - 10% - 3:14
PP Forward
1 - 44% - 55% - 1:45
2 - 56% - 45% - 2:13
PP Defense
1 - 56% - 55% - 2:13
2 - 44% - 45% - 1:45
PK Forward
1 - 83% - 55% - 2:07
2 - 17% - 45% - 0:26
PK Defense
1 - 39% - 55% - 1:00
2 - 61% - 45% - 1:33
PK3 Forward
1 - 0% - 55%
2 - 0% - 45%
PK3 Defense
1 - 0% - 55%
2 - 0% - 45%
44 Forward
1 - 59% - 55% - 1:10
2 - 41% - 45% - 0:49
44 Defense
1 - 59% - 55% - 1:10
2 - 41% - 45% - 0:49
Last Minute Offensive  - 0:00
Last Minute Defensive  - 0:00
Total
Forward - 60:00
Defense - 60:00

Play-by-Play

1st period


0:01 of 1st period - Anze Kopitar wins face-off versus T.J. Oshie in neutral zone.
0:18 of 1st period - Shot by Anze Kopitar.
0:18 of 1st period - Shot Blocked by Gavin Bayreuther.
0:20 of 1st period - Shot by Danny DeKeyser.
0:20 of 1st period - Stopped by Corey Crawford without a rebound.
0:21 of 1st period - Bryan Little wins face-off versus Kevin Hayes in PHOENIX MUSTANGS zone.
0:22 of 1st period - Shot by Tyson Jost.
0:22 of 1st period - Stopped by Corey Crawford without a rebound.
0:23 of 1st period - Joel Eriksson Ek wins face-off versus Kevin Labanc in PHOENIX MUSTANGS zone.
0:24 of 1st period - Shot by Denis Malgin.
0:24 of 1st period - Stopped by Corey Crawford with a rebound.
0:37 of 1st period - Minor Penalty to Joel Eriksson Ek for Tripping.
0:38 of 1st period - Kevin Hayes wins face-off versus Anze Kopitar in VANCOUVER VOODOO zone.
0:51 of 1st period - Shot by Alexander Steen.
0:51 of 1st period - Stopped by Carey Price without a rebound.
0:52 of 1st period - Leo Komarov wins face-off versus Kevin Labanc in VANCOUVER VOODOO zone.
1:05 of 1st period - Shot by T.J. Oshie.
1:05 of 1st period - Stopped by Carey Price with a rebound.
2:45 of 1st period - Shot by Andrew Copp.
2:45 of 1st period - Stopped by Carey Price without a rebound.
2:46 of 1st period - Anze Kopitar wins face-off versus Nicklas Backstrom in VANCOUVER VOODOO zone.
2:58 of 1st period - Shot by Anze Kopitar.
2:58 of 1st period - Shot Hit the Post.
3:06 of 1st period - Shot by Devin Shore.
3:06 of 1st period - Stopped by Corey Crawford without a rebound.
3:07 of 1st period - Joel Eriksson Ek wins face-off versus Jeff Carter in PHOENIX MUSTANGS zone.
3:15 of 1st period - Leo Komarov is hit by Oscar Fantenberg and loses puck.
3:30 of 1st period - Joel Eriksson Ek is hit by Gavin Bayreuther and loses puck.
3:42 of 1st period - Shot by Gavin Bayreuther.
3:42 of 1st period - Shot Misses the Net.
3:44 of 1st period - Shot by Oscar Fantenberg.
3:44 of 1st period - Shot Blocked by Michael Matheson.
3:46 of 1st period - Shot by Oscar Fantenberg.
3:46 of 1st period - Shot Misses the Net.
3:48 of 1st period - Shot by Jesper Fast.
3:48 of 1st period - Stopped by Carey Price with a rebound.
4:06 of 1st period - Shot by Phil Kessel.
4:06 of 1st period - Shot Misses the Net.
4:08 of 1st period - Shot by Alexander Steen.
4:08 of 1st period - Shot Blocked by Michael Matheson.
4:10 of 1st period - Shot by Alexander Steen.
4:10 of 1st period - Stopped by Carey Price with a rebound.
4:12 of 1st period - Shot by Justin Faulk.
4:12 of 1st period - Stopped by Carey Price without a rebound.
4:13 of 1st period - Bryan Little wins face-off versus Nicklas Backstrom in VANCOUVER VOODOO zone.
4:25 of 1st period - Icing by Rocco Grimaldi.
4:26 of 1st period - Tyson Jost wins face-off versus Kevin Hayes in VANCOUVER VOODOO zone.
4:26 of 1st period - Danny DeKeyser is hit by Phil Kessel and loses puck.
4:34 of 1st period - Shea Theodore is hit by Justin Faulk and loses puck.
4:40 of 1st period - Bryan Little is hit by Jake Gardiner and loses puck.
4:53 of 1st period - Shot by Tyson Jost.
4:53 of 1st period - Shot Blocked by Jake Gardiner.
5:40 of 1st period - Shot by Cam Atkinson.
5:40 of 1st period - Shot Misses the Net.
5:53 of 1st period - Minor Penalty to Justin Faulk for Cross-checking.
5:54 of 1st period - Anze Kopitar wins face-off versus Kevin Labanc in PHOENIX MUSTANGS zone.
6:17 of 1st period - Shot by Devin Shore.
6:17 of 1st period - Stopped by Corey Crawford without a rebound.
6:18 of 1st period - Jeff Carter wins face-off versus Bryan Little in PHOENIX MUSTANGS zone.
6:27 of 1st period - Shot by Bryan Little.
6:27 of 1st period - Goal by Bryan Little - VANCOUVER VOODOO : 1 - PHOENIX MUSTANGS : 0.
6:28 of 1st period - Nicklas Backstrom wins face-off versus Carter Verhaeghe in neutral zone.
6:31 of 1st period - Jay Bouwmeester is hit by T.J. Oshie and loses puck.
7:26 of 1st period - Shot by Bryan Little.
7:26 of 1st period - Stopped by Corey Crawford without a rebound.
7:27 of 1st period - Anze Kopitar wins face-off versus Jeff Carter in PHOENIX MUSTANGS zone.
7:49 of 1st period - Shot by Jeff Carter.
7:49 of 1st period - Stopped by Carey Price without a rebound.
7:50 of 1st period - Kevin Hayes wins face-off versus Bryan Little in VANCOUVER VOODOO zone.
8:04 of 1st period - Tyson Jost is hit by Justin Faulk and loses puck.
8:08 of 1st period - Rocco Grimaldi is hit by Jake Gardiner and loses puck.
8:16 of 1st period - Icing by Justin Faulk.
8:17 of 1st period - Anze Kopitar wins face-off versus Alexander Steen in PHOENIX MUSTANGS zone.
8:20 of 1st period - Shot by Anze Kopitar.
8:20 of 1st period - Shot Misses the Net.
8:29 of 1st period - Kevin Hayes is hit by Shea Theodore and loses puck.
8:31 of 1st period - Minor Penalty to Danny DeKeyser for Cross-checking.
8:32 of 1st period - Leo Komarov wins face-off versus Kevin Labanc in VANCOUVER VOODOO zone.
8:48 of 1st period - Icing by Dennis Cholowski.
8:49 of 1st period - Kevin Labanc wins face-off versus Anze Kopitar in PHOENIX MUSTANGS zone.
10:48 of 1st period - Andrew Copp is hit by Danny DeKeyser and loses puck.
10:51 of 1st period - Shot by Teuvo Teravainen.
10:51 of 1st period - Shot Misses the Net.
11:02 of 1st period - Icing by Danny DeKeyser.
11:03 of 1st period - Jeff Carter wins face-off versus Anze Kopitar in VANCOUVER VOODOO zone.
11:08 of 1st period - Shot by Jeff Carter.
11:08 of 1st period - Stopped by Carey Price with a rebound.
11:48 of 1st period - Shot by Denis Malgin.
11:48 of 1st period - Goal by Denis Malgin - VANCOUVER VOODOO : 2 - PHOENIX MUSTANGS : 0.
11:49 of 1st period - Bryan Little wins face-off versus Nicklas Backstrom in neutral zone.
12:13 of 1st period - T.J. Oshie is hit by Jay Bouwmeester and loses puck.
13:17 of 1st period - Shot by Phil Kessel.
13:17 of 1st period - Stopped by Carey Price without a rebound.
13:18 of 1st period - Jeff Carter wins face-off versus Carter Verhaeghe in VANCOUVER VOODOO zone.
13:33 of 1st period - Shot by Shea Theodore.
13:33 of 1st period - Stopped by Corey Crawford with a rebound.
14:15 of 1st period - Icing by Fredrik Claesson.
14:16 of 1st period - Anze Kopitar wins face-off versus Jeff Carter in PHOENIX MUSTANGS zone.
14:27 of 1st period - Shot by Anze Kopitar.
14:27 of 1st period - Stopped by Corey Crawford without a rebound.
14:28 of 1st period - Nicklas Backstrom wins face-off versus Leo Komarov in PHOENIX MUSTANGS zone.
14:30 of 1st period - Icing by Teuvo Teravainen.
14:31 of 1st period - Joel Eriksson Ek wins face-off versus Nicklas Backstrom in PHOENIX MUSTANGS zone.
14:38 of 1st period - Shot by Joel Eriksson Ek.
14:38 of 1st period - Shot Misses the Net.
14:40 of 1st period - Shot by Leo Komarov.
14:40 of 1st period - Stopped by Corey Crawford without a rebound.
14:41 of 1st period - Nicklas Backstrom wins face-off versus Anze Kopitar in PHOENIX MUSTANGS zone.
16:13 of 1st period - Icing by Jack Johnson.
16:14 of 1st period - Kevin Hayes wins face-off versus Joel Eriksson Ek in VANCOUVER VOODOO zone.
16:15 of 1st period - Shot by Phil Kessel.
16:15 of 1st period - Stopped by Carey Price without a rebound.
16:16 of 1st period - Kevin Hayes wins face-off versus Bryan Little in VANCOUVER VOODOO zone.
16:27 of 1st period - Shot by Bryan Little.
16:27 of 1st period - Stopped by Corey Crawford without a rebound.
16:28 of 1st period - Jeff Carter wins face-off versus Carter Verhaeghe in PHOENIX MUSTANGS zone.
17:01 of 1st period - Shot by Carter Verhaeghe.
17:01 of 1st period - Stopped by Corey Crawford without a rebound.
17:02 of 1st period - Kevin Hayes wins face-off versus Bryan Little in PHOENIX MUSTANGS zone.
17:02 of 1st period - Kevin Hayes is hit by Rocco Grimaldi.
17:07 of 1st period - Off-side.
17:08 of 1st period - Kevin Hayes wins face-off versus Bryan Little in neutral zone.
17:12 of 1st period - Phil Kessel is hit by Mathew Dumba and loses puck.
17:25 of 1st period - Shot by Tyson Jost.
17:25 of 1st period - Goal by Tyson Jost - VANCOUVER VOODOO : 3 - PHOENIX MUSTANGS : 0.
17:26 of 1st period - Nicklas Backstrom wins face-off versus Joel Eriksson Ek in neutral zone.
17:32 of 1st period - Off-side.
17:33 of 1st period - Anze Kopitar wins face-off versus T.J. Oshie in neutral zone.
17:36 of 1st period - Shot by Cam Atkinson.
17:36 of 1st period - Deflect By Devin Shore.
17:36 of 1st period - Shot Misses the Net.
17:45 of 1st period - Shot by Anze Kopitar.
17:45 of 1st period - Stopped by Corey Crawford without a rebound.
17:46 of 1st period - Bryan Little wins face-off versus Kevin Hayes in PHOENIX MUSTANGS zone.
17:57 of 1st period - Shot by Tyson Jost.
17:57 of 1st period - Stopped by Corey Crawford without a rebound.
17:58 of 1st period - Denis Malgin wins face-off versus Nicklas Backstrom in PHOENIX MUSTANGS zone.
18:12 of 1st period - Off-side.
18:13 of 1st period - Bryan Little wins face-off versus Kevin Hayes in neutral zone.
18:13 of 1st period - Bryan Little is hit by Alexander Steen.
18:20 of 1st period - Icing by Phil Kessel.
18:21 of 1st period - Anze Kopitar wins face-off versus Kevin Hayes in PHOENIX MUSTANGS zone.
18:34 of 1st period - Shot by Phil Kessel.
18:34 of 1st period - Stopped by Carey Price without a rebound.
18:35 of 1st period - Bryan Little wins face-off versus Nicklas Backstrom in VANCOUVER VOODOO zone.
18:40 of 1st period - Shot by Nicklas Backstrom.
18:40 of 1st period - Shot Hit the Post.
18:42 of 1st period - Shot by Teuvo Teravainen.
18:42 of 1st period - Shot Misses the Net.
18:54 of 1st period - Shot by T.J. Oshie.
18:54 of 1st period - Shot Misses the Net.
19:36 of 1st period - Shot by Phil Kessel.
19:36 of 1st period - Stopped by Carey Price without a rebound.
19:37 of 1st period - Jeff Carter wins face-off versus Anze Kopitar in VANCOUVER VOODOO zone.
19:50 of 1st period - Shot by Jeff Carter.
19:50 of 1st period - Shot Misses the Net.
19:58 of 1st period - Shot by Jesper Fast.
19:58 of 1st period - Shot Misses the Net.
Goals for this period are 3 for VANCOUVER VOODOO vs 0 for PHOENIX MUSTANGS.
Shots for this period are 16 for VANCOUVER VOODOO vs 12 for PHOENIX MUSTANGS.

2nd period


0:01 of 2nd period - Kevin Hayes wins face-off versus Joel Eriksson Ek in neutral zone.
0:06 of 2nd period - Shot by Phil Kessel.
0:06 of 2nd period - Stopped by Carey Price with a rebound.
0:37 of 2nd period - Icing by Jay Bouwmeester.
0:38 of 2nd period - Joel Eriksson Ek wins face-off versus Nicklas Backstrom in VANCOUVER VOODOO zone.
0:53 of 2nd period - Teuvo Teravainen is hit by Leo Komarov and loses puck.
1:14 of 2nd period - Shot by Teuvo Teravainen.
1:14 of 2nd period - Shot Blocked by Danny DeKeyser.
1:16 of 2nd period - Shot by Justin Faulk.
1:16 of 2nd period - Shot Misses the Net.
1:18 of 2nd period - Shot by Teuvo Teravainen.
1:18 of 2nd period - Shot Misses the Net.
1:20 of 2nd period - Shot by Teuvo Teravainen.
1:20 of 2nd period - Shot Blocked by Danny DeKeyser.
1:22 of 2nd period - Shot by Nicklas Backstrom.
1:22 of 2nd period - Stopped by Carey Price without a rebound.
1:23 of 2nd period - Bryan Little wins face-off versus Kevin Hayes in VANCOUVER VOODOO zone.
1:36 of 2nd period - Minor Penalty to Alexander Steen for Tripping.
1:37 of 2nd period - Bryan Little wins face-off versus Kevin Labanc in PHOENIX MUSTANGS zone.
2:10 of 2nd period - Shot by Bryan Little.
2:10 of 2nd period - Stopped by Corey Crawford without a rebound.
2:11 of 2nd period - Anze Kopitar wins face-off versus Kevin Labanc in PHOENIX MUSTANGS zone.
2:16 of 2nd period - Shot by Devin Shore.
2:16 of 2nd period - Shot Misses the Net.
2:18 of 2nd period - Shot by Anze Kopitar.
2:18 of 2nd period - Stopped by Corey Crawford without a rebound.
2:19 of 2nd period - Anze Kopitar wins face-off versus Kevin Labanc in PHOENIX MUSTANGS zone.
2:31 of 2nd period - Icing by Michael Matheson.
2:32 of 2nd period - Anze Kopitar wins face-off versus Kevin Labanc in VANCOUVER VOODOO zone.
2:32 of 2nd period - Anze Kopitar is hit by Jesper Fast.
2:40 of 2nd period - Kevin Labanc is hit by Devin Shore and loses puck.
3:27 of 2nd period - Shot by Cam Atkinson.
3:27 of 2nd period - Shot Blocked by Justin Faulk.
3:39 of 2nd period - Shot by Cam Atkinson.
3:39 of 2nd period - Shot Misses the Net.
3:54 of 2nd period - Teuvo Teravainen is hit by Jack Johnson and loses puck.
4:52 of 2nd period - Shot by Tyson Jost.
4:52 of 2nd period - Stopped by Corey Crawford without a rebound.
4:53 of 2nd period - Andrew Copp wins face-off versus Anze Kopitar in PHOENIX MUSTANGS zone.
5:12 of 2nd period - Shot by Teuvo Teravainen.
5:12 of 2nd period - Stopped by Carey Price without a rebound.
5:13 of 2nd period - Bryan Little wins face-off versus Kevin Hayes in VANCOUVER VOODOO zone.
5:33 of 2nd period - Shot by Phil Kessel.
5:33 of 2nd period - Stopped by Carey Price with a rebound.
5:43 of 2nd period - Shot by Tyson Jost.
5:43 of 2nd period - Shot Hit the Post.
5:45 of 2nd period - Shot by Shea Theodore.
5:45 of 2nd period - Stopped by Corey Crawford without a rebound.
5:46 of 2nd period - Jeff Carter wins face-off versus Anze Kopitar in PHOENIX MUSTANGS zone.
5:46 of 2nd period - Jeff Carter is hit by Cam Atkinson.
6:04 of 2nd period - Shot by Anze Kopitar.
6:04 of 2nd period - Stopped by Corey Crawford without a rebound.
6:05 of 2nd period - Joel Eriksson Ek wins face-off versus Nicklas Backstrom in PHOENIX MUSTANGS zone.
6:20 of 2nd period - Shot by Nicklas Backstrom.
6:20 of 2nd period - Stopped by Carey Price with a rebound.
6:50 of 2nd period - Shot by Teuvo Teravainen.
6:50 of 2nd period - Stopped by Carey Price without a rebound.
6:51 of 2nd period - Anze Kopitar wins face-off versus Kevin Labanc in VANCOUVER VOODOO zone.
8:27 of 2nd period - Icing by Kevin Labanc.
8:28 of 2nd period - Jeff Carter wins face-off versus Joel Eriksson Ek in PHOENIX MUSTANGS zone.
8:49 of 2nd period - Shot by Denis Malgin.
8:49 of 2nd period - Stopped by Corey Crawford with a rebound.
9:09 of 2nd period - Shot by Leo Komarov.
9:09 of 2nd period - Shot Misses the Net.
11:03 of 2nd period - Shot by Phil Kessel.
11:03 of 2nd period - Shot Hit the Post.
11:40 of 2nd period - Icing by Jake Gardiner.
11:41 of 2nd period - Andrew Copp wins face-off versus Bryan Little in PHOENIX MUSTANGS zone.
12:02 of 2nd period - Shot by Rocco Grimaldi.
12:02 of 2nd period - Stopped by Corey Crawford without a rebound.
12:03 of 2nd period - Denis Malgin wins face-off versus Jeff Carter in PHOENIX MUSTANGS zone.
12:33 of 2nd period - Icing by Justin Faulk.
12:34 of 2nd period - Bryan Little wins face-off versus Jeff Carter in PHOENIX MUSTANGS zone.
12:56 of 2nd period - Shot by Tyson Jost.
12:56 of 2nd period - Shot Misses the Net.
12:58 of 2nd period - Shot by Rocco Grimaldi.
12:58 of 2nd period - Shot Misses the Net.
13:00 of 2nd period - Shot by Rocco Grimaldi.
13:00 of 2nd period - Shot Misses the Net.
13:57 of 2nd period - Off-side.
13:58 of 2nd period - Anze Kopitar wins face-off versus Phil Kessel in neutral zone.
14:03 of 2nd period - Shot by Anze Kopitar.
14:03 of 2nd period - Shot Blocked by Alexander Steen.
14:05 of 2nd period - Shot by Anze Kopitar.
14:05 of 2nd period - Stopped by Corey Crawford without a rebound.
14:06 of 2nd period - Anze Kopitar wins face-off versus Kevin Hayes in PHOENIX MUSTANGS zone.
14:07 of 2nd period - Shot by Cam Atkinson.
14:07 of 2nd period - Deflect By Anze Kopitar.
14:07 of 2nd period - Shot Misses the Net.
14:09 of 2nd period - Shot by Jay Bouwmeester.
14:09 of 2nd period - Stopped by Corey Crawford without a rebound.
14:10 of 2nd period - Kevin Hayes wins face-off versus Anze Kopitar in PHOENIX MUSTANGS zone.
14:10 of 2nd period - Kevin Hayes is hit by Cam Atkinson.
14:26 of 2nd period - Shot by Devin Shore.
14:26 of 2nd period - Shot Misses the Net.
14:28 of 2nd period - Shot by Devin Shore.
14:28 of 2nd period - Shot Misses the Net.
14:37 of 2nd period - Minor Penalty to Oscar Fantenberg for Holding.
14:37 of 2nd period - Minor Penalty to Anze Kopitar for Hooking.
14:38 of 2nd period - Kevin Hayes wins face-off versus Bryan Little in PHOENIX MUSTANGS zone.
14:43 of 2nd period - Shot by Jesper Fast.
14:43 of 2nd period - Stopped by Carey Price without a rebound.
14:44 of 2nd period - Kevin Hayes wins face-off versus Leo Komarov in VANCOUVER VOODOO zone.
14:47 of 2nd period - Shot by Kevin Hayes.
14:47 of 2nd period - Deflect By Jesper Fast.
14:47 of 2nd period - Stopped by Carey Price without a rebound.
14:48 of 2nd period - Kevin Hayes wins face-off versus Leo Komarov in VANCOUVER VOODOO zone.
14:59 of 2nd period - Shot by Kevin Hayes.
14:59 of 2nd period - Shot Misses the Net.
15:13 of 2nd period - Shot by Brendan Lemieux.
15:13 of 2nd period - Shot Hit the Post.
15:15 of 2nd period - Shot by Jay Bouwmeester.
15:15 of 2nd period - Stopped by Corey Crawford with a rebound.
15:17 of 2nd period - Shot by Shea Theodore.
15:17 of 2nd period - Stopped by Corey Crawford with a rebound.
15:43 of 2nd period - Shot by Rocco Grimaldi.
15:43 of 2nd period - Shot Misses the Net.
15:45 of 2nd period - Shot by Rocco Grimaldi.
15:45 of 2nd period - Shot Blocked by Justin Faulk.
15:47 of 2nd period - Shot by Jack Johnson.
15:47 of 2nd period - Stopped by Corey Crawford without a rebound.
15:48 of 2nd period - Kevin Labanc wins face-off versus Bryan Little in PHOENIX MUSTANGS zone.
16:00 of 2nd period - Shot by Phil Kessel.
16:00 of 2nd period - Shot Misses the Net.
16:02 of 2nd period - Shot by Kevin Labanc.
16:02 of 2nd period - Stopped by Carey Price without a rebound.
16:03 of 2nd period - Bryan Little wins face-off versus Kevin Labanc in VANCOUVER VOODOO zone.
16:17 of 2nd period - Rocco Grimaldi is hit by Phil Kessel and loses puck.
16:29 of 2nd period - Shot by Rocco Grimaldi.
16:29 of 2nd period - Shot Blocked by Dennis Cholowski.
16:43 of 2nd period - Icing by Teuvo Teravainen.
16:44 of 2nd period - Anze Kopitar wins face-off versus Nicklas Backstrom in PHOENIX MUSTANGS zone.
17:57 of 2nd period - Icing by Jack Johnson.
17:58 of 2nd period - Jeff Carter wins face-off versus Devin Shore in VANCOUVER VOODOO zone.
18:01 of 2nd period - Shot by Jesper Fast.
18:01 of 2nd period - Stopped by Carey Price without a rebound.
18:02 of 2nd period - Bryan Little wins face-off versus Jesper Fast in VANCOUVER VOODOO zone.
18:04 of 2nd period - Icing by Michael Matheson.
18:05 of 2nd period - Kevin Hayes wins face-off versus Bryan Little in VANCOUVER VOODOO zone.
18:29 of 2nd period - Kevin Hayes is hit by Tyson Jost and loses puck.
18:42 of 2nd period - Shot by Phil Kessel.
18:42 of 2nd period - Stopped by Carey Price without a rebound.
18:43 of 2nd period - Joel Eriksson Ek wins face-off versus Nicklas Backstrom in VANCOUVER VOODOO zone.
19:15 of 2nd period - Icing by Nicklas Backstrom.
19:16 of 2nd period - Nicklas Backstrom wins face-off versus Anze Kopitar in PHOENIX MUSTANGS zone.
19:21 of 2nd period - Teuvo Teravainen is hit by Anze Kopitar and loses puck.
19:28 of 2nd period - Shot by T.J. Oshie.
19:28 of 2nd period - Shot Misses the Net.
Goals for this period are 0 for VANCOUVER VOODOO vs 0 for PHOENIX MUSTANGS.
Shots for this period are 12 for VANCOUVER VOODOO vs 11 for PHOENIX MUSTANGS.

3rd period


0:01 of 3rd period - Kevin Hayes wins face-off versus Bryan Little in neutral zone.
0:14 of 3rd period - Shot by Tyson Jost.
0:14 of 3rd period - Shot Blocked by Alexander Steen.
0:30 of 3rd period - Shot by Rocco Grimaldi.
0:30 of 3rd period - Goal by Rocco Grimaldi - VANCOUVER VOODOO : 4 - PHOENIX MUSTANGS : 0.
0:31 of 3rd period - Nicklas Backstrom wins face-off versus Joel Eriksson Ek in neutral zone.
1:00 of 3rd period - Shot by Denis Malgin.
1:00 of 3rd period - Stopped by Corey Crawford with a rebound.
1:10 of 3rd period - Shot by T.J. Oshie.
1:10 of 3rd period - Shot Misses the Net.
1:45 of 3rd period - Icing by Oscar Fantenberg.
1:46 of 3rd period - Bryan Little wins face-off versus Kevin Hayes in PHOENIX MUSTANGS zone.
1:53 of 3rd period - Shot by Tyson Jost.
1:53 of 3rd period - Shot Blocked by Kevin Hayes.
3:10 of 3rd period - Cam Atkinson is hit by Fredrik Claesson and loses puck.
3:26 of 3rd period - Anze Kopitar is hit by Fredrik Claesson.
3:58 of 3rd period - Shot by Leo Komarov.
3:58 of 3rd period - Shot Misses the Net.
4:04 of 3rd period - Shot by Joel Eriksson Ek.
4:04 of 3rd period - Shot Blocked by Kevin Labanc.
4:11 of 3rd period - Joel Eriksson Ek is hit by Dennis Cholowski and loses puck.
4:17 of 3rd period - Leo Komarov is hit by Fredrik Claesson and loses puck.
4:34 of 3rd period - Shot by Mathew Dumba.
4:34 of 3rd period - Stopped by Corey Crawford without a rebound.
4:35 of 3rd period - Nicklas Backstrom wins face-off versus Carter Verhaeghe in PHOENIX MUSTANGS zone.
4:48 of 3rd period - Shot by Teuvo Teravainen.
4:48 of 3rd period - Shot Misses the Net.
4:57 of 3rd period - Icing by Noel Acciari.
4:58 of 3rd period - Alexander Steen wins face-off versus Carter Verhaeghe in VANCOUVER VOODOO zone.
5:33 of 3rd period - Shot by Phil Kessel.
5:33 of 3rd period - Stopped by Carey Price without a rebound.
5:34 of 3rd period - Bryan Little wins face-off versus Teuvo Teravainen in VANCOUVER VOODOO zone.
5:54 of 3rd period - Shot by Teuvo Teravainen.
5:54 of 3rd period - Stopped by Carey Price without a rebound.
5:55 of 3rd period - Joel Eriksson Ek wins face-off versus Andrew Copp in VANCOUVER VOODOO zone.
6:18 of 3rd period - Shot by Teuvo Teravainen.
6:18 of 3rd period - Stopped by Carey Price without a rebound.
6:19 of 3rd period - Bryan Little wins face-off versus Kevin Hayes in VANCOUVER VOODOO zone.
6:28 of 3rd period - Shot by Rocco Grimaldi.
6:28 of 3rd period - Stopped by Corey Crawford without a rebound.
6:29 of 3rd period - Anze Kopitar wins face-off versus Kevin Hayes in PHOENIX MUSTANGS zone.
6:40 of 3rd period - Off-side.
6:41 of 3rd period - Bryan Little wins face-off versus Nicklas Backstrom in neutral zone.
6:51 of 3rd period - Shot by T.J. Oshie.
6:51 of 3rd period - Shot Blocked by Jay Bouwmeester.
6:53 of 3rd period - Shot by Nicklas Backstrom.
6:53 of 3rd period - Stopped by Carey Price without a rebound.
6:54 of 3rd period - Kevin Hayes wins face-off versus Anze Kopitar in VANCOUVER VOODOO zone.
7:17 of 3rd period - Shot by Phil Kessel.
7:17 of 3rd period - Stopped by Carey Price without a rebound.
7:18 of 3rd period - Bryan Little wins face-off versus Nicklas Backstrom in VANCOUVER VOODOO zone.
7:18 of 3rd period - Bryan Little is hit by Nicklas Backstrom.
7:33 of 3rd period - Icing by Justin Faulk.
7:34 of 3rd period - Nicklas Backstrom wins face-off versus Joel Eriksson Ek in PHOENIX MUSTANGS zone.
8:28 of 3rd period - Shot by Bryan Little.
8:28 of 3rd period - Stopped by Corey Crawford without a rebound.
8:29 of 3rd period - Kevin Hayes wins face-off versus Anze Kopitar in PHOENIX MUSTANGS zone.
9:07 of 3rd period - Shot by Cam Atkinson.
9:07 of 3rd period - Deflect By Anze Kopitar.
9:07 of 3rd period - Shot Misses the Net.
9:25 of 3rd period - Mathew Dumba is hit by Phil Kessel and loses puck.
9:52 of 3rd period - Shot by Rocco Grimaldi.
9:52 of 3rd period - Stopped by Corey Crawford without a rebound.
9:53 of 3rd period - Nicklas Backstrom wins face-off versus Joel Eriksson Ek in PHOENIX MUSTANGS zone.
10:50 of 3rd period - Icing by Dennis Cholowski.
10:51 of 3rd period - Nicklas Backstrom wins face-off versus Bryan Little in PHOENIX MUSTANGS zone.
11:29 of 3rd period - Justin Faulk is hit by Tyson Jost.
11:35 of 3rd period - Shot by Jeff Carter.
11:35 of 3rd period - Deflect By Kevin Labanc.
11:35 of 3rd period - Shot Misses the Net.
11:50 of 3rd period - Kevin Labanc is hit by Mathew Dumba and loses puck.
12:18 of 3rd period - Shot by Devin Shore.
12:18 of 3rd period - Shot Misses the Net.
12:20 of 3rd period - Shot by Anze Kopitar.
12:20 of 3rd period - Stopped by Corey Crawford without a rebound.
12:21 of 3rd period - Kevin Hayes wins face-off versus Carter Verhaeghe in PHOENIX MUSTANGS zone.
12:51 of 3rd period - Off-side.
12:52 of 3rd period - Nicklas Backstrom wins face-off versus Joel Eriksson Ek in neutral zone.
13:11 of 3rd period - Shot by T.J. Oshie.
13:11 of 3rd period - Deflect By Teuvo Teravainen.
13:11 of 3rd period - Shot Blocked by Jack Johnson.
13:13 of 3rd period - Shot by Teuvo Teravainen.
13:13 of 3rd period - Shot Misses the Net.
13:15 of 3rd period - Shot by Teuvo Teravainen.
13:15 of 3rd period - Stopped by Carey Price with a rebound.
13:17 of 3rd period - Shot by T.J. Oshie.
13:17 of 3rd period - Shot Blocked by Jack Johnson.
13:33 of 3rd period - Shot by Nicklas Backstrom.
13:33 of 3rd period - Stopped by Carey Price without a rebound.
13:34 of 3rd period - Kevin Hayes wins face-off versus Tyson Jost in VANCOUVER VOODOO zone.
13:47 of 3rd period - Shot by Phil Kessel.
13:47 of 3rd period - Stopped by Carey Price without a rebound.
13:48 of 3rd period - Jeff Carter wins face-off versus Anze Kopitar in VANCOUVER VOODOO zone.
14:20 of 3rd period - Shot by Kevin Labanc.
14:20 of 3rd period - Shot Blocked by Shea Theodore.
14:22 of 3rd period - Shot by Kevin Labanc.
14:22 of 3rd period - Shot Misses the Net.
15:06 of 3rd period - Shot by T.J. Oshie.
15:06 of 3rd period - Shot Misses the Net.
15:24 of 3rd period - Off-side.
15:25 of 3rd period - Joel Eriksson Ek wins face-off versus Kevin Hayes in neutral zone.
15:35 of 3rd period - Icing by Fredrik Claesson.
15:36 of 3rd period - Carter Verhaeghe wins face-off versus Kevin Hayes in PHOENIX MUSTANGS zone.
15:57 of 3rd period - Shot by Alexander Steen.
15:57 of 3rd period - Stopped by Carey Price without a rebound.
15:58 of 3rd period - Nicklas Backstrom wins face-off versus Joel Eriksson Ek in VANCOUVER VOODOO zone.
16:03 of 3rd period - Shot by T.J. Oshie.
16:03 of 3rd period - Shot Hit the Post.
17:05 of 3rd period - Shot by Rocco Grimaldi.
17:05 of 3rd period - Stopped by Corey Crawford with a rebound.
17:27 of 3rd period - Shot by Kevin Hayes.
17:27 of 3rd period - Stopped by Carey Price without a rebound.
17:28 of 3rd period - Jeff Carter wins face-off versus Anze Kopitar in VANCOUVER VOODOO zone.
17:51 of 3rd period - Shot by Anze Kopitar.
17:51 of 3rd period - Stopped by Corey Crawford without a rebound.
17:52 of 3rd period - Andrew Copp wins face-off versus Carter Verhaeghe in PHOENIX MUSTANGS zone.
Goals for this period are 1 for VANCOUVER VOODOO vs 0 for PHOENIX MUSTANGS.
Shots for this period are 9 for VANCOUVER VOODOO vs 10 for PHOENIX MUSTANGS.


JOHNNY
GAUDREAU
MATTHEW
BOLDY
OWEN
TIPPETT

EAST COAST

HOCKEY LEAGUE

  • 29.PIT6MAN7
  • 30.ATL6NHW2
  • 31.WOR4PET3
  • 32.3RHI4
  • 33.CHIQUE
  • 34.LIMCHA
  • 35.LONTRV
  • 36.BALCHW